 Dungeon Crawl Stone Soup version 0.28.0-43-g3370ac3207 (webtiles) character file.

Game seed: 8139248795785958698

112 sizableburger the Skirmisher (level 4, 0/37 HPs)
             Began as a Mummy Warper on Mar 29, 2022.
             Was an Initiate of Dithmenos.
             Killed from afar by Natasha (8 damage)
             ... with a magic dart
             ... on level 3 of the Dungeon.
             The game lasted 00:06:15 (3482 turns).

sizableburger the Skirmisher (Mummy Warper)         Turns: 3482, Time: 00:06:16

Health: 0/37       AC:  4    Str: 14    XL:     4   Next: 63%
Magic:  8/8        EV: 11    Int: 14    God:    Dithmenos [......]
Gold:   58         SH:  0    Dex: 11    Spells: 6/8 levels left

rFire   x . .      SeeInvis .   a - +0 spear
rCold   + . .      Faith    .   (no shield)
rNeg    + + +      Spirit   .   b - +0 leather armour
rPois   ∞          Reflect  .   (no helmet)
rElec   .          Harm     .   l - +0 cloak
rCorr   .          Rampage  .   (no gloves)
Will    .....                   (no boots)
Stlth   +.........              (no amulet)
HPRegen 0.12/turn               (no ring)
MPRegen 0.11/turn               (no ring)

@: no status effects
A: cold resistance 1, negative energy resistance 3, torment resistance 2, heat
vulnerability 1, no potions
a: Renounce Religion


You were on level 3 of the Dungeon.
You worshipped Dithmenos.
Dithmenos was noncommittal.
You visited 1 branch of the dungeon, and saw 4 of its levels.

You collected 58 gold pieces.

Inventory:

Hand Weapons
 a - a +0 spear (weapon)
Missiles
 d - 5 boomerangs of dispersal
 e - 140 stones (quivered)
Armour
 b - a +0 leather armour (worn)
 l - a +0 cloak (worn)
Wands
 m - a wand of charming (9)
Scrolls
 f - a scroll of magic mapping
 g - 2 scrolls of teleportation {unknown}
 h - 2 scrolls of summoning {unknown}
 i - 2 scrolls of identify {unknown}
 j - a scroll of enchant weapon {unknown}
 k - a scroll of noise {unknown}
 n - a scroll of torment {unknown}
 o - a scroll of fear {unknown}


   Skills:
 + Level 3.7 Fighting
 + Level 3.0 Polearms
 - Level 0.7 Throwing
 - Level 0.7 Armour
 - Level 1.5 Dodging
 - Level 2.6 Spellcasting
 - Level 2.4 Translocations


You had 6 spell levels left.
You knew the following spells:

 Your Spells              Type           Power      Damage    Failure   Level
a - Blink                 Tloc           16%        N/A       16%         2

Your spell library contained the following spells:

 Spells                   Type           Power      Damage    Failure   Level
 Gell's Gravitas          Tloc           8%         N/A       30%         3
 Lesser Beckoning         Tloc           8%         N/A       30%         3
 Teleport Other           Tloc           8%         N/A       30%         3
 Ensorcelled Hibernation  Hex/Ice        2%         N/A       38%         2
 Anguish                  Hex/Necr       0%         N/A       95%         4
 Manifold Assault         Tloc           8%         N/A       96%         5
 Spider Form              Tmut/Pois      Unusable   N/A       N/A         3

Dungeon Overview and Level Annotations

Branches:
Dungeon (4/15)
 Temple: D:4-7

Altars:
Dithmenos
The Shining One

Annotations:
D:3 1 runed translucent door, Natasha, Terence


Innate Abilities, Weirdness & Mutations

You are immune to poison.
Your flesh is cold resistant. (rC+)
You are immune to negative energy. (rN+++)
You are immune to unholy pain and torment.
You are vulnerable to heat. (rF-)
You do not drink.


Message History

Aim: a kobold, wielding a +0 club (47% to hit)
You throw a stone. The stone misses the kobold.
An orc comes into view. It is wielding a +0 flail.
Unknown command.
Throw: 141 stones
Press: ? - help, Q - select action, (/) - cycle Shift-Dir - straight line, f/p - kobold
Aim: a kobold, wielding a +0 club (47% to hit)
You throw a stone. The stone hits the kobold.
The kobold is severely wounded.
An orc comes into view. It is wielding a +0 club.
You closely miss the kobold.
The kobold is moderately wounded.
The kobold misses you.
You hit the kobold but do no damage.
The kobold is moderately wounded.
A kobold comes into view. It is wielding a +0 club.
You hit the kobold.
You kill the kobold!
Dithmenos accepts your kill.
The orc throws a boomerang.
The boomerang hits you.
* * * LOW HITPOINT WARNING * * *
An adder comes into view.
A quokka comes into view.
Found an escape hatch in the floor.
Found 22 sling bullets.
The quokka twitches its whiskers.
The kobold hits you with a +0 club.
* * * LOW HITPOINT WARNING * * *
A frilled lizard comes into view.
There is a stone staircase leading up here.
Things that are here:
a +0 club; a kobold corpse The frilled lizard hisses angrily.
The kobold barely misses you.
You climb upwards.
Level annotation: 1 runed translucent door, Natasha, Terence Natasha mumbles some strange words.
Natasha stares at you and mumbles some strange words.
The magic dart hits you!
You die...

,,,,,*,,* ,,,,*,,********
,,,,*,** #....# ,,,,*,* #....#
,*#.#.# #....##########
,##...# #....#........#####
,#....# #....#............##
##..#.####....#....).!.###..#
................@...#..####.#
...........h.....K.###......#
.............#.##..###..##..#
.....)...5...#.###..#..###..#
.............#..##.....##...##
.............................#
..............##.........##..#
.............####..._...####.#
....#####.....##.........##..#


You could see Natasha, a shadow imp (summoned) and a kobold.

Vanquished Creatures
  An orc priest (D:2)
  Natasha (D:3)
  A worm (D:2)
  2 dart slugs (D:1)
  3 orcs (D:2)
  5 ball pythons
  7 endoplasms
  4 giant cockroaches
  A goblin (D:3)
  2 hobgoblins
  2 quokkas
  3 bats
  4 frilled lizards
  6 kobolds
  5 rats
47 creatures vanquished.

Notes
Turn   | Place    | Note
-------+----------+-------------------------------------------
     0 | D:1      | sizableburger the Mummy Warper began the quest for the Orb.
     0 | D:1      | Reached XP level 1. HP: 16/16 MP: 4/4
   483 | D:1      | Reached XP level 2. HP: 19/23 MP: 5/5
  1052 | D:1      | Reached XP level 3. HP: 27/28 MP: 7/7
  1067 | D:1      | Learned a level 2 spell: Blink
  1805 | D:3      | Noticed Terence
  2493 | D:2      | Reached XP level 4. HP: 6/35 MP: 8/8
  3155 | D:3      | Found a runed translucent gate.
  3177 | D:3      | Found a shadowy altar of Dithmenos.
  3182 | D:3      | Noticed Natasha
  3190 | D:3      | Killed Natasha
  3377 | D:3      | Noticed Natasha
  3399 | D:3      | Became a worshipper of Dithmenos the Shadowed
  3482 | D:3      | Killed from afar by Natasha

Illustrated notes

Levels and vault maps discovered:
D:1:      heliophobic_arrival_battle_scene, layout_basic, minmay_statues_item
D:2:      layout_basic, basic_altar
D:3:      layout_rooms, nicolae_dithmenos_shadow_blocks,
          nicolae_ru_sacrificial_ziggurat, gammafunk_ghost_nasty_kobolds,
          minivault_14, chequers_serial_rivers_large_a, bh_walls_and_bars,
          uniq_terence, uniq_natasha
D:4:      layout_cave_pools, overflow_temple_1_default

Skill      XL: |  1  2  3  4 |
---------------+-------------+-----
Polearms       | 2 3 |  3.0
Fighting       | 3 |  3.7
Throwing       | |  0.7
Armour         | |  0.7
Dodging        | |  1.5
Spellcasting   | |  2.6
Translocations | |  2.4

Action                   |  1- 3 |  4- 6 || total
-------------------------+-------+-------++-------
Melee: Spear             |   161 |    44 ||   205
       Punch             |     1 |       ||     1
Throw: Stone             |    77 |    11 ||    88
 Cast: Blink             |       |     1 ||     1
  Use: Scroll            |     2 |     1 ||     3
Armor: Leather armour    |    20 |     6 ||    26
Dodge: Dodged            |    59 |    11 ||    70
